 Dungeon Crawl Stone Soup version 0.14-a0-2950-gbe29d66 (webtiles) character file.

3860 Badjas the Covert (level 10, -3/91 HPs)
             Began as a Naga Monk on Mar 3, 2014.
             Was a Priest of Cheibriados.
             Slain by a yak (5 damage)
             ... on Level 1 of the Lair of Beasts on Mar 4, 2014.
             The game lasted 02:12:12 (10444 turns).

Badjas the Covert (Naga Monk)                      Turns: 10444, Time: 02:12:12

HP  -3/91        AC  7     Str 21      XL: 10   Next:  8%
MP  19/23        EV 17     Int 20      God: Cheibriados [***...]
Gold 339         SH  0     Dex 24      Spells:  2 memorised,  8 levels left

rFire  + . .     SeeInvis +       - Unarmed
rCold  . . .     Clarity  .     g - +0 robe
rNeg   + . .     Conserve .     (no shield)
rPois  +         rCorr    .     (no helmet)
rElec  .         rRot     .     e - +0 elf cloak
SustAb . .       Spirit   .     l - +0 pair of gloves
rMut   .         Warding  +     (no barding)
Saprov . . .     Stasis   .     Q - amulet of warding
MR     +....                    c - ring of Devotion {rF+ SInv}
                                r - ring of magical power

@: very slow, somewhat resistant to hostile enchantments, extremely stealthy
A: spit poison, molten scales 1, see invisible, deformed body, poison
resistance, slowness 2, AC +3
a: Spit Poison, Bend Time, Temporal Distortion, Renounce Religion


You were on level 1 of the Lair of Beasts.
You worshipped Cheibriados.
Cheibriados was most pleased with you.
You were not hungry.

You visited 3 branches of the dungeon, and saw 11 of its levels.

You collected 339 gold pieces.

Inventory:

Hand weapons
 a - a +2,+1 bow of velocity
 d - a +0,+0 sling
 s - a +2,+1 war axe of freezing
 u - a +2,+2 whip of draining
 v - a cursed -2,-2 quarterstaff
Missiles
 n - 17 tomahawks (quivered)
 p - 8 arrows of flame
 y - 28 darts
 I - 58 arrows
Armour
 e - a +0 elven cloak (worn)
 g - a +0 robe (worn)
 l - a +0 pair of gloves (worn)
 m - a +0 ring mail
 J - a +1 dwarven scale mail
Comestibles
 b - 8 bread rations
 f - 3 meat rations
 i - 17 sultanas
 F - an apple
 L - a choko
 M - 8 slices of pizza
 O - 2 rotting chunks of jackal flesh
 P - 2 rotting chunks of crocodile flesh
 R - a rotting chunk of adder flesh
Scrolls
 h - a scroll of teleportation
 j - 6 scrolls of identify
 k - 3 scrolls of remove curse
 o - a scroll of blinking
 A - 2 scrolls of enchant armour {unknown}
 C - a scroll of recharging {unknown}
 G - a scroll of immolation {unknown}
 K - 3 scrolls of magic mapping {unknown}
Jewellery
 c - the ring of Devotion (right hand) {rF+ SInv}
   (You found it on level 6 of the Dungeon)

   [ring of see invisible]

   It protects you from fire.
 r - a ring of magical power (left hand)
 B - an uncursed ring of flight
 E - an uncursed amulet of guardian spirit
 Q - an amulet of warding (around neck)
Potions
 q - a potion of restore abilities {unknown}
 w - a potion of brilliance
 x - a potion of cure mutation {unknown}
 z - a potion of poison {unknown}
 D - a potion of agility {unknown}
 H - a potion of resistance {unknown}
Books
 t - a book of Conjurations

   Spells                             Type                      Level
   Magic Dart                         Conjuration                  1
   *Searing Ray                       Conjuration                  2
   Dazzling Spray                     Conjuration/Hexes            3
   Fulminant Prism                    Conjuration/Hexes            4
   Iskenderun's Mystic Blast          Conjuration                  4
   Iskenderun's Battlesphere          Conjuration/Charms           5
 N - Addauh's Spellcraft in Simple Steps
   (You found it on level 9 of the Dungeon)

   Spells                             Type                      Level
   *Searing Ray                       Conjuration                  2
   *Slow                              Hexes                        2
   Call Imp                           Summoning                    2
   Sticks to Snakes                   Transmutation                2
   Stoneskin                          Transmutation/Earth          2


   Skills:
 + Level 5.7 Fighting
 + Level 0.1 Bows
 + Level 2.9 Throwing
 + Level 7.4 Dodging
 - Level 8.3 Stealth
 + Level 8.1 Unarmed Combat
 * Level 1.5 Spellcasting
 * Level 2.1 Conjurations
 * Level 2.9 Invocations


You had 8 spell levels left.
You knew the following spells:

 Your Spells              Type           Power        Failure   Level  Hunger
a - Searing Ray           Conj           ##....       12%         2    ###....
b - Slow                  Hex            #.......     30%         2    ###....


Dungeon Overview and Level Annotations

Branches:
Dungeon (9/16)             Temple (1/1) D:5            Lair (1/8) D:9
    Orc: D:9-12

Altars:
Ashenzari
Cheibriados
Dithmenos
Elyvilon
Fedhas
Kikubaaqudgha
Nemelex Xobeh
Okawaru
Sif Muna
Trog
Xom
Zin
The Shining One

Shops:
D:6 *

Annotations:
D:3 Crazy Yiuf
D:5 Duskembrace's ghost, experienced DsMo; Eustachio; Prince Ribbit


Innate Abilities, Weirdness & Mutations

You cannot wear boots.
You can spit poison.
Your serpentine skin is tough (AC +3).
You have supernaturally acute eyesight.
Armour fits poorly on your strangely shaped body.
Your system is resistant to poisons.
You cover ground very slowly.
You are partially covered in molten scales (AC +1).


Message History

Use which ability? (? or * to list)
You can't do that.
Use which ability? (? or * to list)
Okay, then.
You barely miss the yak. Your punch misses the yak.
The yak is severely wounded.
The yak gores you but does no damage. The yak closely misses you.
The yak completely misses you.
You barely miss the yak.
The yak is severely wounded.
The yak barely misses you. The yak gores you! The yak closely misses you.
The yak gores you but does no damage. The yak barely misses you.
You hit the yak.
The yak is almost dead.
The yak gores you!
* * * LOW HITPOINT WARNING * * *
The yak gores you!
* * * LOW HITPOINT WARNING * * *
The yak gores you.
You die...

#..P♣♣≈≈♣P.♣.♣. ##f.#.#
#.[♣≈≈...♣.P. #.....##
♣.#P.♣P♣ ##..#..# #♣.♣.♣#
##>P.## ##.P### #####
#....#### ##....# #.#.#
###Y......# #.#.#.#
#...###..........
#####.###....##..Y.......
#.##@Y...............
#.##YY###...#.......#
#.##.Y....####...##.#
#.####...#.# #..## .#
#.#####.#.## #.## .#
#.##..#.### #.# .#
#.......# #.f . ####P####
#.. ### ..#


You could see 4 yaks.

Vanquished Creatures
  A yak (Lair:1)
  3 vampire mosquitoes (D:8)
  A porcupine (Lair:1)
  An orc warrior (D:6)
  A deep dwarf (D:8)
  2 ice beasts
  A black bear (D:7)
  A sky beast (D:8)
  5 phantoms
  2 centaurs
  An ogre (D:5)
  2 crocodiles
  2 giant frogs
  4 crimson imps
  4 goliath beetles
  A black bear zombie (D:7)
  5 hounds
  A quasit (D:7)
  A scorpion (D:6)
  4 orc priests
  A giant frog skeleton (D:5)
  5 orc wizards
  An iguana (D:8)
  8 worker ants
  A big kobold zombie (D:9)
  A mummy (D:8)
  A giant mite (D:3)
  10 adders
  2 inept feature mimics
  3 worms
  An iguana skeleton (D:6)
  2 giant eyeballs
  6 giant geckos
  20 orcs
  10 bats
  6 giant cockroaches
  18 goblins
  16 hobgoblins
  10 jackals
  A quokka (D:7)
  3 ball pythons
  5 giant newts
  A giant spore (D:7)
  A gnoll skeleton (D:6)
  9 kobolds
  3 orc skeletons
  14 rats
  11 ballistomycetes (D:7)
213 creatures vanquished.

Vanquished Creatures (others)
  A giant spore (D:7)
1 creature vanquished.

Grand Total: 214 creatures vanquished

Notes
Turn   | Place    | Note
--------------------------------------------------------------
     0 | D:1      | Badjas, the Naga Monk, began the quest for the Orb.
     0 | D:1      | Reached XP level 1. HP: 21/21 MP: 1/1
   418 | D:2      | Reached XP level 2. HP: 28/28 MP: 2/2
   699 | D:2      | Reached XP level 3. HP: 27/34 MP: 3/3
  1405 | D:1      | Reached XP level 4. HP: 39/42 MP: 4/4
  1640 | D:2      | Gained mutation: You are partially covered in molten scales (AC +1). [potion of beneficial mutation]
  1963 | D:3      | Noticed an orc wizard
  1970 | D:3      | Killed an orc wizard
  1970 | D:3      | Reached XP level 5. HP: 49/49 MP: 5/5
  1998 | D:3      | Noticed an orc priest
  2000 | D:3      | Killed an orc priest
  2079 | D:3      | Noticed Crazy Yiuf
  2187 | D:3      | Noticed an orc wizard
  2192 | D:3      | Reached skill level 5 in Stealth
  2209 | D:3      | Reached skill level 5 in Unarmed Combat
  2240 | D:3      | Noticed an ogre
  2511 | D:4      | Noticed an ogre
  2540 | D:4      | Paralysed by a giant eyeball for 3 turns
  2546 | D:4      | Paralysed by a giant eyeball for 2 turns
  2675 | D:4      | Reached XP level 6. HP: 56/56 MP: 6/6
  2712 | D:5      | Entered Level 5 of the Dungeon
  2726 | D:5      | Upgraded the game from 0.14-a0-2939-ge0b1554 to 0.14-a0-2950-gbe29d66
  2898 | D:5      | Noticed Prince Ribbit
  3083 | D:5      | Reached skill level 1 in Throwing
  3083 | D:5      | Reached skill level 6 in Stealth
  3415 | D:5      | Reached XP level 7. HP: 49/63 MP: 7/7
  3435 | D:5      | Found an ancient bone altar of Kikubaaqudgha.
  3584 | D:5      | Found a staircase to the Ecumenical Temple.
  3590 | Temple   | Entered the Ecumenical Temple
  3645 | Temple   | Became a worshipper of Cheibriados the Contemplative
  3775 | D:5      | Noticed Eustachio
  3974 | D:5      | Noticed Duskembrace's ghost (experienced DsMo)
  4488 | D:6      | Got a pitted pewter ring
  4550 | D:6      | Found a sparkling altar of Nemelex Xobeh.
  4652 | D:6      | Reached skill level 7 in Stealth
  4959 | D:6      | Found Ateogg's Assorted Antiques.
  5034 | D:6      | Reached XP level 8. HP: 37/72 MP: 8/8
  5362 | D:6      | Reached skill level 5 in Dodging
  5501 | D:6      | Identified the ring of Devotion {rF+ SInv} (You found it on level 6 of the Dungeon)
  5661 | D:6      | Found an iron altar of Okawaru.
  6028 | D:7      | Reached skill level 1 in Invocations
  6035 | D:7      | Acquired Cheibriados' first power
  6090 | D:7      | Found a blossoming altar of Fedhas.
  7239 | D:7      | Reached XP level 9. HP: 57/79 MP: 11/11
  7828 | D:8      | Acquired Cheibriados' second power
  7828 | D:8      | Reached skill level 5 in Fighting
  8069 | D:8      | Reached skill level 8 in Stealth
  8096 | D:8      | Found a sand-covered staircase.
  8415 | D:8      | Learned a level 2 spell: Searing Ray
  9130 | D:9      | Paralysed by a giant eyeball for 3 turns
  9136 | D:9      | Paralysed by a giant eyeball for 2 turns
  9247 | D:9      | Identified Addauh's Spellcraft in Simple Steps
  9251 | D:9      | Learned a level 2 spell: Slow
  9449 | D:9      | Found a shimmering altar of Xom.
  9449 | D:9      | Found a shimmering altar of Xom.
  9450 | D:9      | Found a shimmering altar of Xom.
  9450 | D:9      | Found a shimmering altar of Xom.
  9450 | D:9      | Found a shimmering altar of Xom.
  9451 | D:9      | Found a shimmering altar of Xom.
  9461 | D:9      | Reached skill level 1 in Conjurations
  9567 | D:9      | Found a staircase to the Lair.
  9586 | D:9      | Reached skill level 1 in Spellcasting
  9661 | Lair:1   | Entered Level 1 of the Lair of Beasts
  9771 | Lair:1   | Noticed a seven-headed hydra
  9981 | Lair:1   | Reached XP level 10. HP: 56/91 MP: 13/13
 10444 | Lair:1   | HP: 2/91 [yak (15)]
 10444 | Lair:1   | Slain by a yak

Action                   |  1- 3 |  4- 6 |  7- 9 | 10-12 || total
-------------------------+-------+-------+-------+-------++-------
Melee: Unarmed           |    93 |   192 |   653 |    25 ||   963
 Fire: Bow               |       |       |     7 |       ||     7
Throw: Javelin           |    10 |     6 |       |       ||    16
       Tomahawk          |       |     6 |    43 |       ||    49
       Dart              |       |       |     1 |       ||     1
Invok: Bend Time         |       |       |     4 |       ||     4
       Slouch            |       |       |     2 |     1 ||     3
 Abil: Spit Poison       |    20 |    19 |    41 |     2 ||    82
  Use: Scroll            |       |     8 |     6 |       ||    14
       Potion            |       |     1 |     7 |       ||     8
 Stab: Sleeping          |     4 |     5 |    16 |     3 ||    28
